 Dungeon Crawl Stone Soup version 0.29.1-1-gd02db6906a (webtiles) character file.

Game seed: 17024401554425720689

24 Tiocfaidh the Grasshopper (level 3, -3/21 HPs)
             Began as a Tengu Warper on Oct 20, 2022.
             Slain by Sigmund
             ... wielding a +0 scythe
              (9 damage)
             ... on level 2 of the Dungeon.
             The game lasted 00:03:49 (871 turns).

Tiocfaidh the Grasshopper (Tengu Warper)             Turns: 871, Time: 00:03:50

Health: -3/21      AC:  4    Str: 13    XL:     3   Next: 2%
Magic:  7/7        EV: 11    Int: 13    God:
Gold:   62         SH:  3    Dex: 13    Spells: 6/6 levels left

rFire   . . .      SeeInvis .   a - +0 hand axe
rCold   . . .      Faith    .   j - +0 buckler
rNeg    . . .      Spirit   .   b - +0 leather armour
rPois   .          Reflect  .   (helmet restricted)
rElec   .          Harm     .   h - +0 cloak
rCorr   .          Rampage  .   (no gloves)
Will    .....                   (boots unavailable)
Stlth   +.........              (no amulet)
HPRegen 0.07/turn               (no ring)
MPRegen 0.10/turn               (no ring)

@: no status effects
A: beak, talons 3
a: no special abilities


You were on level 2 of the Dungeon.
You visited 1 branch of the dungeon, and saw 2 of its levels.

You collected 62 gold pieces.

Inventory:

Hand Weapons
 a - a +0 hand axe (weapon)
Missiles
 d - 7 boomerangs of dispersal (quivered)
 l - 4 javelins
Armour
 b - a +0 leather armour (worn)
 h - a +0 cloak (worn)
 j - a +0 buckler (worn)
Scrolls
 c - 2 scrolls of blinking
 e - 2 scrolls of enchant armour {unknown}
 f - 3 scrolls of teleportation {unknown}
 g - a scroll of enchant weapon {unknown}
Potions
 i - 4 potions of curing {unknown}
 k - a potion of berserk rage {unknown}


   Skills:
 + Level 2.0 Fighting
 + Level 2.7 Axes
 + Level 1.0 Throwing
 + Level 1.2 Armour
 + Level 2.3 Dodging
 + Level 2.0 Spellcasting
 + Level 2.9 Translocations


You had 6 spell levels left.
You didn't know any spells.
Your spell library contained the following spells:

 Spells                   Type           Power      Damage    Failure   Level
 Blink                    Tloc           16%        N/A       21%         2
 Gell's Gravitas          Tloc           8%         N/A       36%         3
 Lesser Beckoning         Tloc           8%         N/A       36%         3
 Teleport Other           Tloc           8%         N/A       36%         3
 Ignite Poison            Fire/Tmut/Pois 1%         N/A       78%         3
 Mephitic Cloud           Conj/Pois/Air  1%         N/A       78%         3
 Manifold Assault         Tloc           8%         N/A       98%         5
 Freezing Cloud           Conj/Ice/Air   0%         6-21      100%        5


Dungeon Overview and Level Annotations

Branches:
Dungeon (2/15)

Altars:

Annotations:
D:2 Sigmund


Innate Abilities, Weirdness & Mutations

You have a beak for a mouth.
You have claws for feet.


Message History

k - a murky sapphire potion
i - 4 ruby potions (gained 2)
Things that are here:
a +0 dagger; a goblin corpse
Found 4 javelins.
You hit the plant.
The plant begins to die.
You claw the plant. You peck the plant.
The plant is lightly damaged.
You hit the plant.
The plant begins to die.
You hit the plant.
The plant begins to die.
A nearby plant withers and dies.
A nearby plant withers and dies.
You see here 4 javelins.
l - 4 javelins
There is a stone staircase leading down here.
You climb downwards.
There is a stone staircase leading up here.
Found 9 gold pieces.
Found a stone staircase leading down.
You now have 62 gold pieces (gained 9).
There is a stone staircase leading down here.
Found 7 stones.
Found 7 stones.
Found a scroll of blinking.
Sigmund the Dreaded comes into view.
He is wielding a +0 scythe.
Found a troll leather armour.
Sigmund shouts!
c - 2 scrolls of blinking (gained 1) Sigmund hits you from afar with a +0 scythe.
Sigmund hits you from afar with a +0 scythe!
Ouch! That really hurt!
* * * LOW HITPOINT WARNING * * *
Sigmund says, "Now you see me, now you don't..."
You block Sigmund's attack.
You hit Sigmund. You claw Sigmund.
Sigmund is moderately wounded.
You hit Sigmund.
Sigmund is heavily wounded.
Sigmund hits you with a +0 scythe!
You die...

.# .####.#. ......#. ..
(... # .# #..# #.#####@#
#..# #......[# #..#
#......####..#
#......@@....# #.#
##.....####..# #.#
#.....####..# ###.###
###.........# #.....#
#.#####..#####.#.#.###
#.....................
#........#####.#.#....
#######.#####..# #.....#
...............#######>#.#


You could see Sigmund.

Vanquished Creatures
  A dart slug (D:1)
  3 bats (D:1)
  An endoplasm (D:1)
  A giant cockroach (D:1)
  3 goblins (D:1)
  2 hobgoblins (D:1)
  2 quokkas (D:1)
  3 ball pythons (D:1)
  2 kobolds (D:1)
  A rat (D:1)
19 creatures vanquished.

Vanquished Creatures (others)
  6 plants (D:1)
6 creatures vanquished.

Grand Total: 25 creatures vanquished

Notes
Turn   | Place    | Note
-------+----------+-------------------------------------------
     0 | D:1      | Tiocfaidh the Tengu Warper began the quest for the Orb.
     0 | D:1      | Reached XP level 1. HP: 12/12 MP: 4/4
   290 | D:1      | Reached XP level 2. HP: 17/17 MP: 6/6
   704 | D:1      | Reached XP level 3. HP: 20/21 MP: 7/7
   860 | D:2      | Noticed Sigmund
   871 | D:2      | Slain by Sigmund

Illustrated notes

Levels and vault maps discovered:
D:1:      dpeg_arrival_long_road, layout_loops_ring, serial_forest,
          infiniplex_forest_fountain, infiniplex_forest_join,
          infiniplex_forest_fountain, infiniplex_forest_lined_2,
          infiniplex_forest_lined_2, infiniplex_forest_straight_2,
          infiniplex_forest_end_1, infiniplex_forest_zigzag_1,
          infiniplex_forest_clump_double, infiniplex_forest_lined_3_way,
          minmay_circled_x
D:2:      layout_loops_ring, hellmonk_ecumenical_altar_watching_god,
          uniq_sigmund, uniq_terence

Action                   || total
-------------------------++-------
Melee: Hand axe          ||    46
       Kick              ||    21
       Peck              ||     7
Armor: Leather armour    ||    11
Dodge: Dodged            ||    20
Block: Buckler           ||     6
